 Dungeon Crawl Stone Soup version 0.29-a0-378-gc08b2e8bf8 (webtiles) character file.

Game seed: 7196533425674324502

69 Antichthon the Grave Robber (level 4, 35/37 HPs)
             Began as a Deep Dwarf Necromancer on May 4, 2022.
             Quit the game on level 3 of the Dungeon.
             The game lasted 00:07:54 (2700 turns).

Antichthon the Grave Robber (DDNe)                  Turns: 2700, Time: 00:07:54

Health: 35/37      AC:  4    Str: 13    XL:     4   Next: 2%
Magic:  6/7        EV: 12    Int: 16    God:
Gold:   99         SH:  0    Dex: 13    Spells: 7/8 levels left

rFire   . . .      SeeInvis .   (no weapon)
rCold   . . .      Faith    .   (no shield)
rNeg    . . .      Spirit   .   a - +1 robe
rPois   .          Reflect  .   i - +0 helmet
rElec   .          Harm     .   (no cloak)
rCorr   .          Rampage  .   (no gloves)
Will    .....                   (no boots)
Stlth   ++........              (no amulet)
HPRegen 0.00/turn               (no ring)
MPRegen 0.10/turn               (no ring)

@: no status effects
A: damage resistance, heal wounds, sense surroundings 1, no regeneration
a: Heal Wounds


You were on level 3 of the Dungeon.
You visited 1 branch of the dungeon, and saw 3 of its levels.

You collected 99 gold pieces.

Inventory:

Armour
 a - a +1 robe (worn)
 i - a +0 helmet (worn)
Jewellery
 f - an amulet of reflection
Scrolls
 e - 3 scrolls of enchant armour
 h - 2 scrolls of poison
 k - 2 scrolls of identify {unknown}
Potions
 b - a potion of magic
 c - a potion of heal wounds {unknown}
 d - 2 potions of curing {unknown}
 g - a potion of brilliance {unknown}
 j - a potion of berserk rage {unknown}


   Skills:
 * Level 0.4 Fighting
 * Level 2.5 Dodging
 * Level 2.8 Stealth
 * Level 2.5 Spellcasting
 * Level 5.1 Necromancy


You had 7 spell levels left.
You knew the following spells:

 Your Spells              Type           Power      Damage    Failure   Level
a - Pain                  Necr           72%        1d7       2%          1

Your spell library contained the following spells:

 Spells                   Type           Power      Damage    Failure   Level
 Animate Skeleton         Necr           36%        N/A       2%          1
 Vampiric Draining        Necr           18%        2d7       7%          3
 Animate Dead             Necr           9%         N/A       22%         4
 Blink                    Tloc           4%         N/A       30%         2
 Lesser Beckoning         Tloc           2%         N/A       52%         3
 Agony                    Necr           18%        N/A       54%         5
 Manifold Assault         Tloc           2%         N/A       99%         5


Dungeon Overview and Level Annotations

Branches:
Dungeon (3/15)

Altars:


Innate Abilities, Weirdness & Mutations

You are resistant to damage.
You can heal yourself by infusing magical energy.
You passively map a small area around you.
You do not regenerate.


Message History

Aim: a giant cockroach (heavily wounded, chance to affect: 87%)
The giant cockroach writhes in agony.
The giant cockroach misses you.
The giant cockroach bites you but does no damage.
Unknown command.
Casting: Pain (safe; 2% risk of failure)
Confirm with . or Enter, or press ? or * to list all spells.
Aiming: Pain (safe; 2% risk of failure)
Press: ? - help, Shift-Dir - straight line, f/p - giant cockroach
Aim: a giant cockroach (almost dead, chance to affect: 87%)
The giant cockroach writhes in agony.
You kill the giant cockroach!
You have reached level 4!
You feel clever.
A goblin comes into view. It is wielding a +0 club.
Casting: Pain (safe; 2% risk of failure)
Confirm with . or Enter, or press ? or * to list all spells.
Aiming: Pain (safe; 2% risk of failure)
Press: ? - help, Shift-Dir - straight line, f - goblin
Aim: a goblin, wielding a +0 club (wandering, hasn't noticed you, chance to affect: 88%)
The goblin shouts!
The goblin writhes in agony.
You kill the goblin!
You now have 99 gold pieces (gained 2).
You see here a +0 club.
You see here a +0 club.
Things that are here:
a giant cockroach corpse; an adder corpse 3 orcs come into view.
Found a whip.
There are monsters nearby!
Casting: Pain (safe; 2% risk of failure)
Confirm with . or Enter, or press ? or * to list all spells.
Aiming: Pain (safe; 2% risk of failure)
Press: ? - help, Shift-Dir - straight line, f - orc
Aim: an orc, wielding a +0 hand axe (chance to affect: 88%)
The orc writhes in agony.
Unknown command.
Search for what [Enter for "artef", or ? for help]?
Okay, then.
Are you sure you want to abandon this character and quit the game? (Confirm with "yes".) * #.# * , #.# #oo

,,** * #.# * ,
#.# , #)# ,. ,
#o#, ... ,
######@#..... ,
,
*#.............
* #.
#.##.#####.###
, #.##†##.## *
* *
#.##.#...### ,
, #.##..)#...#
#.####...###
#.# ##.## ** ,
#.#####.## *


You could see 3 orcs.

Vanquished Creatures
  2 adders (D:3)
  2 worms (D:2)
  4 endoplasms
  3 giant cockroaches
  6 goblins
  5 hobgoblins
  4 jackals (D:2)
  2 quokkas
  A ball python (D:2)
  3 bats
  5 frilled lizards
  4 kobolds (D:1)
  2 rats
43 creatures vanquished.

Notes
Turn   | Place    | Note
-------+----------+-------------------------------------------
     0 | D:1      | Antichthon the Deep Dwarf Necromancer began the quest for
                  | the Orb.
     0 | D:1      | Reached XP level 1. HP: 15/15 MP: 3/3
   286 | D:1      | Reached XP level 2. HP: 19/22 MP: 1/4
  1383 | D:2      | Reached skill level 5 in Necromancy
  1920 | D:2      | Reached XP level 3. HP: 28/28 MP: 1/6
  2063 | D:2      | Found a faded altar of an unknown god.
  2614 | D:3      | Reached XP level 4. HP: 35/37 MP: 0/7
  2700 | D:3      | Quit the game

Illustrated notes

Levels and vault maps discovered:
D:1:      saegor_arrival_simple_c, layout_basic
D:2:      layout_rooms, shapermc_ecumenical_altar_totnotflames
D:3:      layout_loops_ring, grunt_gozag_breadcrumbs

Skill      XL: |  1  2 |
---------------+-------+-----
Spellcasting   | 2 |  2.5
Necromancy     | 5 |  5.1
Fighting       | |  0.4
Dodging        | |  2.5
Stealth        | |  2.8

Action                   |  1- 3 |  4- 6 || total
-------------------------+-------+-------++-------
Melee: Unarmed           |    57 |       ||    57
 Cast: Pain              |    74 |     2 ||    76
 Abil: Heal Wounds       |     2 |       ||     2
  Use: Scroll            |     6 |       ||     6
Armor: Robe              |    27 |       ||    27
Dodge: Dodged            |    55 |       ||    55

Table legend: (Time is in decaauts)
 A = Elapsed time spent in this place.
 B = Non-inter-level travel time spent in this place.
 C = Inter-level travel time spent in this place.
 D = Time resting spent in this place.
 E = Time spent auto-exploring this place.
 F = Levels seen in this place.
 G = Mean time per level.
                   A        B        C        D        E       F      G
               +--------+--------+--------+--------+--------+-----+--------+
         Total |   2700 |   2692 |      8 |    529 |   1753 |   3 |  900.0 |
       Dungeon |   2700 |   2692 |      8 |    529 |   1753 |   3 |  900.0 |
               +--------+--------+--------+--------+--------+-----+--------+

Top non-repeatable levels by time:
     D:1: 1659 daAuts
     D:2: 853 daAuts
     D:3: 187 daAuts
